 Dungeon Crawl Stone Soup version 0.31-a0-229-g1fc7ce93e2 (webtiles) character file.

Game seed: 17182221797996454308

106 qw the Shooter (level 4, -5/36 HPs)
             Began as a Minotaur Hexslinger on July 6, 2023.
             Killed from afar by Natasha (8 damage)
             ... with a magic dart
             ... on level 2 of the Dungeon.
             The game lasted 00:00:41 (1430 turns).

qw the Shooter (Minotaur Hexslinger)                Turns: 1430, Time: 00:00:42

Health: -5/36      AC:  3    Str: 12    XL:     4   Next: 55%
Magic:  4/4        EV: 12    Int: 10    God:
Gold:   53         SH:  0    Dex: 15    Spells: 4/5 levels left

rFire   . . .        Y - +1 sling
rCold   . . .        (no shield)
rNeg    . . .        g - +0 leather armour
rPois   .            (helmet restricted)
rElec   .            (no cloak)
rCorr   .            (no gloves)
SInv    +            (no boots)
Will    .....        (no amulet)
Stlth   +            e - ring of see invisible
HPRegen 0.26/turn    (no ring)
MPRegen 0.09/turn

%: no passive effects
@: about to teleport, slowed, very slow
A: horns 2, retaliatory headbutt
a: no special abilities


You were on level 2 of the Dungeon.
You visited 1 branch of the dungeon, and saw 2 of its levels.

You collected 53 gold pieces.


Innate Abilities, Weirdness & Mutations

You have a pair of horns on your head.
You reflexively headbutt those who attack you in melee.


   Skills:
 + Level 2.1 Fighting
 - Level 5.0 Ranged Weapons
 - Level 2.1 Dodging
 - Level 1.0 Spellcasting
 - Level 2.0 Hexes


You had 4 spell levels left.
You knew the following spells:

 Your Spells              Type           Power      Damage    Failure   Level
a - Slow                  Hex            16%        N/A       19%         1

Your spell library contained the following spells:

 Spells                   Type           Power      Damage    Failure   Level
 Inner Flame              Hex/Fire       2%         N/A       65%         3
 Portal Projectile        Hex/Tloc       4%         N/A       65%         3
 Cause Fear               Hex            2%         N/A       88%         4

Inventory:

Hand Weapons
 Y - a +1 sling (weapon)
Armour
 g - a +0 leather armour (worn)
Jewellery
 e - a ring of see invisible (left hand)
 f - a ring of positive energy
Scrolls
 c - a scroll of revelation {unknown}
 h - a scroll of enchant armour {unknown}
 j - a scroll of fog {unknown}
 k - a scroll of identify
Potions
 b - a potion of brilliance {unknown}
 d - a potion of lignification {unknown}
 i - a potion of enlightenment {unknown}

Dungeon Overview and Level Annotations

Branches:
Dungeon (2/15)

Altars:
Yredelemnul

Shops:
D:1 =

Annotations:
D:2 Natasha


Message History

The cerulean imp hits you but does no damage.
Natasha closely misses you.
The cerulean imp hits you but does no damage.
Natasha claws you.
You shoot a sling bullet.
The sling bullet closely misses Natasha.
The sling bullet closely misses the cerulean imp.
The cerulean imp misses you. Natasha claws you but does no damage.
Natasha barely misses you.
The cerulean imp hits you but does no damage.
You shoot a sling bullet. The sling bullet hits Natasha.
Natasha is severely wounded.
The cerulean imp closely misses you.
Natasha stares at you and mumbles some strange words.
You feel as though you will be slow longer.
Natasha closely misses you.
The cerulean imp hits you from afar with a +2 spear.
You shoot a sling bullet. The sling bullet hits Natasha.
Natasha is almost dead.
The cerulean imp hits you from afar with a +2 spear.
Natasha barely misses you.
You shoot a sling bullet.
The sling bullet hits Natasha but does no damage.
Natasha is almost dead.
The cerulean imp hits you but does no damage.
Natasha claws you. The cerulean imp barely misses you.
Natasha closely misses you.
You shoot a sling bullet.
The sling bullet closely misses Natasha.
The sling bullet barely misses the cerulean imp.
The cerulean imp hits you from afar with a +2 spear.
Natasha claws you but does no damage.
Natasha mumbles some strange words.
The cerulean imp hits you from afar with a +2 spear.
1430 ||| READING scroll of teleportation.
As you read the scroll of teleportation, it crumbles to dust.
You feel strangely unstable.
Natasha stares at you and mumbles some strange words.
The magic dart hits you!
You die...

# # # ###############
#>.............
##########..########.#..
.........#...#######....
######....#......####..
#@#########...##.. #h#
###..... #5. ###### 5...
..... ....... ........
.........#


You could see Natasha and 2 cerulean imps.

Vanquished Creatures
  Robin (D:2)
  3 adders (D:2)
  A worm (D:2)
  3 dart slugs (D:1)
  4 ball pythons
  2 endoplasms
  7 goblins
  11 hobgoblins
  4 quokkas (D:1)
  5 bats
  2 frilled lizards (D:2)
  5 kobolds
  5 rats
53 creatures vanquished.

Notes
Turn   | Place    | Note
-------+----------+-------------------------------------------
     0 | D:1      | qw the Minotaur Hexslinger began the quest for the Orb.
     0 | D:1      | Reached XP level 1. HP: 16/16 MP: 1/1
     0 | D:1      | 0 ||| qw: Version: 0.3-a-46-gb1f654a
     0 | D:1      | 0 ||| qw: Game counter: 1457
     0 | D:1      | 0 ||| qw: Melee chars always use a shield: true
     0 | D:1      | 0 ||| qw: God list: Okawaru
     0 | D:1      | 0 ||| qw: Allow faded altars: false
     0 | D:1      | 0 ||| qw: Do Orc after clearing Dungeon:15 true
     0 | D:1      | 0 ||| qw: Do second Lair branch before Depths: true
     0 | D:1      | 0 ||| qw: Lair rune preference: random
     0 | D:1      | 0 ||| qw: Goals: Normal
     0 | D:1      | 0 ||| PLANNING D:1-11
    14 | D:1      | HP: 3/16 [goblin/+0 club (3)]
   118 | D:1      | Reached skill level 3 in Ranged Weapons
   136 | D:1      | Reached XP level 2. HP: 23/23 MP: 2/2
   193 | D:1      | Found Xuaptic's Jewellery Emporium.
   201 | D:1      | 201 ||| SHOPLISTING +5 ring of evasion (504 gold, have 14).
   201 | D:1      | 201 ||| SHOPLISTING ring of fire (350 gold, have 14).
   201 | D:1      | 201 ||| SHOPLISTING ring of protection from cold (350 gold,
                  | have 14).
   201 | D:1      | 201 ||| SHOPLISTING ring of resist corrosion (280 gold,
                  | have 14).
   201 | D:1      | 201 ||| SHOPLISTING ring of see invisible (210 gold, have
                  | 14).
   204 | D:1      | Found a faded altar of an unknown god.
   812 | D:1      | 812 ||| UPGRADING to +0 leather armour.
   822 | D:1      | 822 ||| DROPPING +0 robe.
   823 | D:1      | 823 ||| UPGRADING to ring of see invisible.
   824 | D:1      | 824 ||| READING scroll labelled MINWAH NARIPHO.
   825 | D:1      | 825 ||| READING scroll labelled CEHEDWIERI.
   828 | D:1      | 828 ||| READING scroll labelled ZIPHITATOR.
   829 | D:1      | 829 ||| DROPPING scroll of poison.
   859 | D:2      | Reached XP level 3. HP: 29/29 MP: 3/3
   892 | D:2      | Reached skill level 4 in Ranged Weapons
   970 | D:2      | 970 ||| FLEEEEING.
   990 | D:2      | Noticed Robin
   998 | D:2      | Killed Robin
   999 | D:2      | Reached XP level 4. HP: 36/36 MP: 4/4
  1193 | D:2      | Reached skill level 5 in Ranged Weapons
  1339 | D:2      | Found a basalt altar of Yredelemnul.
  1413 | D:2      | Noticed Natasha
  1429 | D:2      | HP: 7/36 [cerulean imp/+2 spear[Natasha] (4)]
  1429 | D:2      | HP: 3/36 [cerulean imp/+2 spear[Natasha] (4)]
  1430 | D:2      | 1430 ||| READING scroll of teleportation.
  1430 | D:2      | Killed from afar by Natasha

Levels and vault maps discovered:
D:1:      ncdulo_lavacross, layout_basic, serial_shops, shop,
          shapermc_ecumenical_altar_notcrosses, skrybe_limestone_x
D:2:      layout_basic, basic_altar, uniq_robin, uniq_natasha

Skill      XL: |  1  2  3  4 |
---------------+-------------+-----
Ranged Weapons | 3 4 5 |  5.0
Fighting       | 2 |  2.1
Dodging        | |  2.1
Spellcasting   | |  1.0
Hexes          | |  2.0

Action                     |  1- 3 |  4- 6 || total
---------------------------+-------+-------++-------
   Fire: Sling             |   113 |    73 ||   186
    Use: Scroll            |     3 |     1 ||     4
 Armour: Robe              |     3 |       ||     3
         Leather armour    |    13 |    10 ||    23
  Dodge: Dodged            |    42 |    33 ||    75

Table legend:
 A = Non-vault XP
 B = Vault XP
 C = Vault XP percentage of total XP
 D = Non-vault monster count
 E = Vault monster count
 F = Vault count percentage of total count
                 A         B        C        D         E       F
            +---------+---------+-------+---------+---------+-------
      Total |     114 |      38 |  25.0 |      41 |      12 |  22.6
            +---------+---------+-------+---------+---------+-------
        D:1 |      40 |       0 |   0.0 |      19 |       0 |   0.0
        D:2 |      74 |      38 |  33.9 |      22 |      12 |  35.3
            +---------+---------+-------+---------+---------+-------
